Match 36656401
Unlisted

Match 36656401
End
Panzergrenadier Squad
Panzergrenadier Squad
Selects Italian Combined Arms Battlegroup
Selects Bersaglieri Squad
Panzergrenadier Squad
Construct Light Support Kompanie
2.5-tonne Medical Truck
Fire Support Elements
le.IG 18 Support Gun Team
Pak 38 Anti-tank Gun Team
MG34 Team
Selects Semovente da 75/18 Assault Gun
Semovente da 75/18 Assault Gun
Selects Strafing Run
Construct Panzerarmee Kommand
Walking Stuka Rocket Launcher
Panzergrenadier Squad
Panzer III L Medium Tank
Strafing Run
Selects Artillery Cover
Selects Artillery Cover
Selects Bersaglieri Bolster
Selects Breda Model 30 Light Machine Guns
le.IG 18 Support Gun Team
Panzergrenadier Squad
MG34 Team
Armored Reserves
Pak 38 Anti-tank Gun Team
JULIUS
TheGoodMoose
Kajota
MonoChrome
0
0

Comments sign in to comment!

No comments posted yet!